 Dungeon Crawl Stone Soup version 0.21.1-1-g345015fe64 (webtiles) character file.

37489 Kejsarherre the Blocker (level 13, -1/84 HPs)
             Began as a Gargoyle Wanderer on May 3, 2018.
             Was a High Priest of Qazlal.
             Slain by a harpy (17 damage)
             ... summoned by Kirke
             ... on level 15 of the Dungeon.
             The game lasted 00:51:46 (15170 turns).

Kejsarherre the Blocker (Gargoyle Wanderer)        Turns: 15170, Time: 00:51:46

Health: -1/84      AC:  3    Str: 17    XL:     13   Next: 97%
Magic:  18/18      EV: 13    Int: 16    God:    Qazlal [*****.]
Gold:   337        SH:  7    Dex: 10    Spells: 9/16 levels left

rFire    . . .     SeeInvis .   (weapon currently unavailable)
rCold    . . .     Gourm    .   (shield currently unavailable)
rNeg     + . .     Faith    +   (armour currently unavailable)
rPois    ∞         Spirit   .   (helmet currently unavailable)
rElec    .         Reflect  .   (cloak currently unavailable)
rCorr    .         Harm     .   (gloves currently unavailable)
MR       .....                  (boots currently unavailable)
Stlth    +.........             t - amulet of faith
HPRegen  0.24/turn              (ring currently unavailable)
MPRegen  0.16/turn              (ring currently unavailable)

@: pig-form, vulnerable, protected from physical damage, repel missiles, very
quick
A: small, negative energy resistance 1, petrification resistance, rot immunity,
AC +9
a: Upheaval, Elemental Force, Disaster Area, Renounce Religion


You were on level 15 of the Dungeon.
You worshipped Qazlal.
Qazlal was extremely pleased with you.
You were hungry.
You were a filthy swine.
You visited 2 branches of the dungeon, and saw 16 of its levels.
You also visited: Labyrinth.

You collected 876 gold pieces.
You spent 539 gold pieces at shops.

Inventory:

Hand Weapons
 a - a +2 hunting sling of velocity
 e - a +3 demon whip of draining (melded)
Missiles
 j - 262 stones (quivered)
 w - 86 sling bullets
Armour
 m - a +0 cloak (melded)
 u - a +0 helmet (melded)
 G - a +0 shield (melded)
 K - the +0 pair of boots of the Onion (melded) {rCorr Int+3 Dex+4}
   (You bought it in a shop on level 8 of the Dungeon)

   It affects your intelligence (+3).
   It affects your dexterity (+4).
   It protects you from acid and corrosion.
 R - a +4 plate armour (melded)
Jewellery
 f - an uncursed ring of resist corrosion
 l - a +2 ring of strength (melded)
 t - an amulet of faith (around neck)
 F - a +2 ring of dexterity
 J - an uncursed amulet of rage
 L - a ring of protection from magic (melded)
 N - an uncursed amulet of guardian spirit
Wands
 i - a wand of flame (33)
 s - a wand of iceblast (10)
 y - a wand of enslavement (19)
 E - a wand of polymorph (6)
 I - a wand of disintegration (5)
Scrolls
 g - 9 scrolls of remove curse
 h - 12 scrolls of teleportation
 k - a scroll of torment {unknown}
 o - 5 scrolls of amnesia
 p - 3 scrolls of fear
 q - 2 scrolls of fog
 r - a scroll of blinking
 D - a scroll of enchant armour
 M - a scroll of brand weapon
Potions
 b - a potion of lignification {unknown}
 n - a potion of magic
 x - 2 potions of might
 z - 5 potions of curing
 A - a potion of flight
 B - a potion of agility
 C - 2 potions of ambrosia
 H - 2 potions of cancellation
 P - a potion of invisibility
Books
 c - Sif Muna's Reference Book on Lightness

   Spells                             Type                      Level
   a - Swiftness                      Charms/Air                   2
   b - Poisonous Vapours              Poison/Air                   2
 v - a book of Air

   Spells                             Type                      Level
   a - Shock                          Conjuration/Air              1
   b - Swiftness                      Charms/Air                   2
   c - Static Discharge               Conjuration/Air              3
   d - Airstrike                      Air                          4
   e - Lightning Bolt                 Conjuration/Air              5
 O - a book of Transfigurations

   Spells                             Type                      Level
   a - Irradiate                      Conjuration/Transmutation    5
   b - Statue Form                    Transmutation/Earth          6
   c - Hydra Form                     Transmutation                6
   d - Dragon Form                    Transmutation                7
 T - a book of Death

   Spells                             Type                      Level
   a - Corpse Rot                     Necromancy                   2
   b - Sublimation of Blood           Necromancy                   2
   c - Agony                          Necromancy                   5
   d - Dispel Undead                  Necromancy                   5
   e - Excruciating Wounds            Charms/Necromancy            5
   f - Bolt of Draining               Conjuration/Necromancy       5
 U - a book of Enchantments

   Spells                             Type                      Level
   a - Cause Fear                     Hexes                        4
   b - Yara's Violent Unravelling     Hexes/Transmutation          5
   c - Silence                        Hexes/Air                    5
   d - Deflect Missiles               Charms/Air                   6
   e - Discord                        Hexes                        8
 V - a book of Callings

   Spells                             Type                      Level
   a - Summon Small Mammal            Summoning                    1
   b - Call Imp                       Summoning                    2
   c - Call Canine Familiar           Summoning                    3
   d - Summon Guardian Golem          Hexes/Summoning              3
   e - Summon Lightning Spire         Summoning/Air                4
   f - Summon Ice Beast               Ice/Summoning                4
Miscellaneous
 Z - a sack of spiders
Comestibles
 d - 23 rations


   Skills:
 - Level 11.1 Fighting
 + Level 11.7 Maces & Flails
 - Level 1.0 Throwing
 - Level 11.0 Armour
 + Level 14.3 Shields
 - Level 2.0 Spellcasting
   Level 3.6 Earth Magic
 - Level 6.9 Invocations


You had 9 spell levels left.
You knew the following spells:

 Your Spells              Type           Power        Failure   Level  Hunger
a - Swiftness             Chrm/Air       #.......     30%         2    ###....
b - Dispel Undead         Necr           #.......     99%         5    ######.


Dungeon Overview and Level Annotations

Branches:
Dungeon (15/15)            Temple (1/1) D:7            Lair (0/6) D:9
    Orc (0/2) D:11         Vaults (0/5) D:13
 Depths: D:15

Altars:
Ashenzari
Cheibriados
Dithmenos
Elyvilon
Fedhas
Gozag
Hepliaklqana
Kikubaaqudgha
Makhleb
Nemelex Xobeh
Okawaru
Qazlal
Ru
Sif Muna
Trog
Uskayaw
Vehumet
Wu Jian
Xom
Yredelemnul
The Shining One

Shops:
D:5 %   D:8 [   D:10 }   D:14 ?

Annotations:
D:15 Kirke


Innate Abilities, Weirdness & Mutations

You are resistant to torment.
((Your stone body is resilient. (AC +9)))
You are immune to poison.
You resist negative energy. (rN+)
((You are resistant to electric shocks. (rElec)))
((You can survive without breathing.))
You are immune to petrification.
You are immune to rotting.


Message History

You hear a distant blaring wail to the west.
The harpy claws you.
* * * LOW HITPOINT WARNING * * *
You block the harpy's attack.
The kobold demonologist looks satisfied for a moment.
You see here an arrow.
Unknown command.
Unknown command.
The harpy screeches!
Something hits you.
* * * LOW HITPOINT WARNING * * *
The hog is engulfed in blazing flames.
There is a stone staircase leading up here.
Unknown command.
Unknown command.
Something hits you.
* * * LOW HITPOINT WARNING * * *
You feel more protected from physical attacks.
The harpy claws you!
You die...

###### ## #.... ..
#..# ###.
#######(.#
.....###....H(.##
#W.....##hHh§.##
##..T..)Ko§..§§.#
#....C.).h.§§§(..#
.....{....$.......#
##................#
#.§..............#
#.......<.....$..#
#................#
##..............#


You could see a cyclops, a kobold demonologist, 2 harpies, 2 hogs and an orc.

Vanquished Creatures
  The ghost of hofbold the Covert, a journeyman OpBe of Trog (D:12)
  A minotaur (Lab)
  A hydra (D:13)
  A death knight (D:12)
  3 centaur warriors
  The ghost of Freyura the Basher, a journeyman GrMo of Okawaru (D:10)
  5 two-headed ogres
  Nergalle (D:12)
  5 skeletal warriors
  The ghost of htuhola the Frost Mage, a novice DgIE (D:8)
  An unseen horror (D:13)
  Pikel (D:8)
  A wolf spider zombie (D:14)
  2 deep elf magi
  4 ugly things (D:14)
  3 cyclopes
  2 manticores (D:10)
  The ghost of Name63 the Grave Robber, a novice GnNe (D:4)
  A kobold demonologist (D:13)
  A komodo dragon (D:13)
  5 yaktaurs (D:13)
  An efreet (D:14)
  2 freezing wraiths (D:12)
  A troll (D:9)
  A meliai zombie (D:12)
  A vampire (D:9)
  Sigmund (D:2)
  5 hippogriffs
  2 wraiths
  A shadow (D:13)
  A wyvern (D:9)
  Grum (D:7)
  5 yaks (D:13)
  A steam dragon (D:12)
  2 vampire mosquitoes (D:14)
  3 hungry ghosts
  Edmund (D:4)
  2 porcupines (D:9)
  A water moccasin (D:11)
  5 sky beasts
  Duvessa (D:7)
  3 slaves (D:8)
  3 black bears
  3 eyes of draining
  2 ice beasts
  10 orc warriors
  3 phantoms
  A boggart (D:13)
  A necrophage (D:14)
  12 ogres
  7 wolves
  11 centaurs
  5 crocodiles
  3 big kobolds (D:13)
  Blork the orc (D:5)
  9 bullfrogs
  2 gnoll sergeants
  Dowan (D:7)
  5 scorpions
  7 killer bees
  13 wights
  A vampire bat (D:7)
  2 spriggan skeletons (Lab)
  2 howler monkeys
  4 lava snakes (Lab)
  A bullfrog zombie (D:12)
  5 crimson imps
  7 centaur zombies
  2 jellies
  A bullfrog skeleton (D:13)
  7 centaur skeletons
  8 hounds
  10 orc priests
  7 iguanas
  Natasha (D:2)
  17 orc wizards
  11 worker ants
  A killer bee zombie (D:7)
  An ogre skeleton (Lab)
  A hound skeleton (D:4)
  A worker ant zombie (D:10)
  Robin (D:2)
  15 gnolls
  A howler monkey skeleton (D:6)
  12 adders
  2 shadow imps
  An adder zombie (D:8)
  2 oozes
  5 worms
  A dart slug (D:1)
  3 leopard geckos
  48 orcs
  4 ball pythons
  14 bats
  3 giant cockroaches
  6 goblins
  10 hobgoblins
  13 jackals
  10 quokkas
  6 frilled lizards
  3 kobolds
  A quokka skeleton (D:10)
  A quokka zombie (D:5)
  5 rats
439 creatures vanquished.

Vanquished Creatures (others)
  A quokka (D:8)
  4 fungi (D:9)
  13 plants
18 creatures vanquished.

Grand Total: 457 creatures vanquished

Notes
Turn   | Place    | Note
-------+----------+-------------------------------------------
     0 | D:1      | Kejsarherre the Gargoyle Wanderer began the quest for the Orb.
     0 | D:1      | Kejsarherre set off with: a +2 scale mail, a +0 spear, Sif Muna's Reference Book on Lightness, a ration
     0 | D:1      | Reached XP level 1. HP: 12/12 MP: 3/3
     0 | D:1      | Identified Sif Muna's Reference Book on Lightness
    65 | D:1      | Reached XP level 2. HP: 17/17 MP: 5/5
   225 | D:1      | Reached XP level 3. HP: 18/23 MP: 6/6
   594 | D:2      | Noticed Robin
   604 | D:2      | Killed Robin
   604 | D:2      | Reached XP level 4. HP: 21/29 MP: 7/7
   801 | D:2      | Noticed Sigmund
   808 | D:2      | Killed Sigmund
   808 | D:2      | Reached XP level 5. HP: 36/36 MP: 8/8
   841 | D:2      | Noticed Natasha
   856 | D:2      | Killed Natasha
   856 | D:2      | Reached XP level 6. HP: 31/42 MP: 9/9
   893 | D:2      | Found a sacrificial altar of Ru.
   893 | D:2      | Found a deep blue altar of Sif Muna.
   899 | D:2      | Found a faded altar of an unknown god.
   901 | D:2      | Found a snail-covered altar of Cheibriados.
   902 | D:2      | Found a hide-covered altar of Uskayaw.
  1497 | D:4      | Reached XP level 7. HP: 48/48 MP: 10/10
  1544 | D:4      | Noticed Name63's ghost (novice GnNe)
  1779 | D:3      | Found a glowing golden altar of the Shining One.
  1979 | D:3      | Found a radiant altar of Vehumet.
  2173 | D:4      | Reached skill level 2 in Shields
  2403 | D:5      | Entered Level 5 of the Dungeon
  2526 | D:5      | Noticed Blork the orc
  2531 | D:5      | Killed Blork the orc
  2531 | D:5      | Reached skill level 3 in Shields
  2531 | D:5      | Reached XP level 8. HP: 55/55 MP: 11/11
  2536 | D:5      | Found Mesen's Food Emporium.
  2606 | D:5      | Noticed Edmund
  2664 | D:4      | Killed Edmund
  2664 | D:4      | Reached skill level 1 in Maces & Flails
  2841 | D:4      | Reached skill level 4 in Shields
  3489 | D:5      | You fall through a shaft for 3 floors!
  3574 | D:7      | Reached skill level 5 in Armour
  3768 | D:6      | Reached skill level 5 in Shields
  3858 | D:6      | Reached XP level 9. HP: 56/60 MP: 12/12
  4154 | D:6      | Found a sparkling altar of Nemelex Xobeh.
  4396 | D:4      | Killed Name63's ghost
  4396 | D:4      | Reached skill level 5 in Maces & Flails
  4586 | D:4      | Found a burning altar of Makhleb.
  4753 | D:6      | Found a basalt altar of Yredelemnul.
  4846 | D:6      | Found an ornate altar of the Wu Jian Council.
  5301 | D:7      | Found a shimmering altar of Xom.
  5301 | D:7      | Found a shimmering altar of Xom.
  5303 | D:7      | Found a shimmering altar of Xom.
  5304 | D:7      | Found a shimmering altar of Xom.
  5323 | D:7      | Found a staircase to the Ecumenical Temple.
  5344 | Temple   | Entered the Ecumenical Temple
  5375 | Temple   | Became a worshipper of Qazlal Stormbringer
  5469 | D:7      | Noticed Duvessa
  5469 | D:7      | Noticed Dowan
  5483 | D:7      | Killed Duvessa
  5502 | D:7      | Killed Dowan
  5630 | D:7      | Reached XP level 10. HP: 65/65 MP: 13/13
  5747 | D:7      | Found a shimmering altar of Xom.
  5778 | D:7      | Noticed a harpy
  5778 | D:7      | a blink frog changed into a harpy
  6030 | D:8      | Noticed htuhola's ghost (novice DgIE)
  6047 | D:7      | Reached * piety under Qazlal
  6151 | D:8      | Noticed Grum
  6307 | D:7      | Killed Grum
  6508 | D:8      | Killed htuhola's ghost
  6639 | D:8      | Noticed Pikel
  6672 | D:8      | Killed Pikel
  6672 | D:8      | Reached skill level 10 in Armour
  6770 | D:8      | Found a blossoming altar of Fedhas.
  6919 | D:8      | Found Ugoid's Antique Armour Emporium.
  6926 | D:8      | Bought a pair of bloodstained boots for 285 gold pieces
  7270 | D:8      | Learned a level 2 spell: Swiftness
  7468 | D:9      | Reached ** piety under Qazlal
  7512 | D:8      | Identified the cursed +0 pair of boots of the Onion {rCorr Int+3 Dex+4} (You bought it in a shop on level 8 of the Dungeon)
  7639 | D:9      | Found a staircase to the Lair.
  7876 | D:8      | Reached XP level 11. HP: 53/69 MP: 14/14
  8016 | D:9      | Reached skill level 1 in Invocations
  8320 | D:9      | Found a hazy altar of Hepliaklqana.
  8607 | D:9      | Found a shattered altar of Ashenzari.
  8631 | D:9      | Reached skill level 6 in Shields
  8833 | D:10     | Entered Level 10 of the Dungeon
  9025 | D:10     | Noticed a manticore
  9033 | D:10     | Noticed Freyura's ghost (journeyman GrMo)
  9038 | D:10     | Killed a manticore
  9245 | D:10     | Killed Freyura's ghost
  9601 | D:10     | Noticed a two-headed ogre
  9670 | D:9      | Killed a two-headed ogre
  9717 | D:10     | Reached *** piety under Qazlal
  9907 | D:10     | Found Toesoxt's Gadget Boutique.
 10363 | D:11     | Noticed a manticore
 10377 | D:10     | Killed a manticore
 10377 | D:10     | Reached skill level 10 in Maces & Flails
 10377 | D:10     | Reached skill level 7 in Shields
 10631 | D:11     | Reached skill level 10 in Fighting
 10643 | D:11     | Noticed a two-headed ogre
 10656 | D:11     | Killed a two-headed ogre
 10766 | D:11     | Reached XP level 12. HP: 74/77 MP: 15/15
 10850 | D:11     | Reached skill level 5 in Invocations
 10899 | D:11     | Found a staircase to the Orcish Mines.
 10951 | D:11     | Reached **** piety under Qazlal
 11401 | D:12     | Noticed hofbold's ghost (journeyman OpBe)
 11439 | D:12     | Killed hofbold's ghost
 11439 | D:12     | Reached skill level 8 in Shields
 11551 | D:12     | Found a labyrinth entrance.
 11555 | D:12     | Noticed a death knight
 11641 | Lab      | Entered a labyrinth
 11890 | Lab      | Noticed a minotaur
 11910 | Lab      | Killed a minotaur
 11935 | Lab      | Got an ancient copper amulet
 11936 | Lab      | Got an ancient longbow
 12064 | D:12     | Killed a death knight
 12192 | D:12     | Identified the +6 longbow "Bougagh" {venom, Dex+4} (You found it in a labyrinth)
 12209 | D:12     | Identified the amulet "Sahuomon" {Spirit rElec rC- Int+2} (You found it in a labyrinth)
 12230 | D:12     | Learned a level 5 spell: Dispel Undead
 12437 | D:12     | Noticed Nergalle
 12466 | D:12     | Killed Nergalle
 12518 | D:12     | Noticed a two-headed ogre
 12523 | D:12     | Killed a two-headed ogre
 12523 | D:12     | Reached skill level 9 in Shields
 12974 | D:13     | Reached skill level 10 in Shields
 12992 | D:13     | Noticed a centaur warrior
 13013 | D:13     | Reached XP level 13. HP: 78/84 MP: 11/18
 13055 | D:13     | Reached ***** piety under Qazlal
 13055 | D:13     | Reached skill level 11 in Shields
 13402 | D:13     | Reached skill level 12 in Shields
 13975 | D:13     | Reached skill level 13 in Shields
 14066 | D:13     | Found a gate to the Vaults.
 14286 | D:14     | Found Lets's Magic Scroll Shoppe.
 14289 | D:14     | Bought a scroll of enchant weapon for 112 gold pieces
 14289 | D:14     | Bought a scroll of identify for 30 gold pieces
 14298 | D:14     | Identified a scroll of acquirement
 14307 | D:14     | Bought a scroll of enchant weapon for 112 gold pieces
 14547 | D:14     | Reached skill level 14 in Shields
 15117 | D:15     | Entered Level 15 of the Dungeon
 15157 | D:15     | Noticed Kirke
 15170 | D:15     | Slain by a harpy

Skill      XL: |  1  2  3  4  5  6  7  8  9 10 11 12 13 |
---------------+----------------------------------------+-----
Fighting       | 2 3 4 6 7 8 10 11 | 11.1
Shields        | 3 5 7 10 14 | 14.3
Armour         | 3 5 8 10 11 | 11.0
Maces & Flails | 3 6 9 10 11 | 11.7
Invocations    | 4 6 |  6.9
Throwing       | |  1.0
Spellcasting   | |  2.0
Earth Magic    | |  3.6

Action                   |  1- 3 |  4- 6 |  7- 9 | 10-12 | 13-15 || total
-------------------------+-------+-------+-------+-------+-------++-------
Melee: Spear             |   118 |    15 |    10 |       |       ||   143
       Flail             |       |       |   277 |  1014 |   338 ||  1629
       Demon whip        |       |       |       |       |   165 ||   165
 Fire: Hunting sling     |       |    85 |   228 |   175 |       ||   488
Invok: Upheaval          |       |       |       |     1 |     2 ||     3
Evoke: Box of beasts     |       |       |       |     1 |       ||     1
       Sack of spiders   |       |       |       |     1 |       ||     1
  Use: Scroll            |     2 |       |       |    13 |    15 ||    30
       Potion            |       |       |     1 |     5 |       ||     6
  Eat: Chunk             |       |     2 |     6 |    19 |     3 ||    30
       Ration            |       |       |     2 |     3 |     1 ||     6
Armor: Scale mail        |    87 |    40 |   258 |   459 |       ||   844
       Plate armour      |       |       |       |   146 |   224 ||   370
Dodge: Dodged            |    65 |    32 |   202 |   295 |    47 ||   641
       Deflected         |       |       |       |     5 |     4 ||     9
Block: Buckler           |       |       |    89 |   348 |       ||   437
       Shield            |       |       |       |   173 |   323 ||   496
       Other             |       |       |       |       |     3 ||     3
